 Dungeon Crawl Stone Soup version 0.28-a0-1182-g381e24db82 (webtiles) character file.

Game seed: 2129196233998428687

143 ytrimaz the Covered (level 5, 0/43 HPs)
             Began as a Formicid Fighter on Dec 16, 2021.
             Slain by a gnoll (9 damage)
             ... on level 3 of the Dungeon.
             The game lasted 00:02:15 (1983 turns).

ytrimaz the Covered (Formicid Fighter)              Turns: 1983, Time: 00:02:15

Health: 0/43       AC:  7    Str: 22    XL:     5   Next: 50%
Magic:  5/5        EV:  9    Int:  8    God:
Gold:   45         SH:  6    Dex: 15    Spells: 4/4 levels left

rFire   . . .      SeeInvis +   f - +3 broad axe "Paisab" {elec, Dex+5 Stlth-}
rCold   . . .      Faith    .   c - +1 buckler
rNeg    . . .      Spirit   .   b - +0 scale mail
rPois   .          Reflect  .   (helmet unavailable)
rElec   .          Harm     .   (no cloak)
rCorr   .          Rampage  .   (no gloves)
Will    .....                   (no boots)
Stlth   ..........              (no amulet)
HPRegen 0.14/turn               (no ring)
MPRegen 0.09/turn               (no ring)

@: no status effects
A: permanent stasis, dig shafts and tunnels, antennae 3, four strong arms
a: Dig, Shaft Self


You were on level 3 of the Dungeon.
You visited 1 branch of the dungeon, and saw 3 of its levels.

You collected 45 gold pieces.

Inventory:

Hand Weapons
 f - the +3 broad axe "Paisab" (weapon) {elec, Dex+5 Stlth-}
   (You acquired it on level 1 of the Dungeon)

   It occasionally discharges a powerful burst of electricity upon striking a
   foe.
   Dex:       It affects your dexterity (+5).
   Stlth:     It makes you less stealthy.
Armour
 b - a +0 scale mail (worn)
 c - a +1 buckler (worn)
Scrolls
 i - a scroll of immolation {unknown}
Potions
 a - a potion of curing {unknown}
 d - 2 potions of might
 e - a potion of attraction
 g - a potion of brilliance {unknown}
 h - a potion of resistance {unknown}
 j - 2 potions of heal wounds
 k - a potion of magic {unknown}


   Skills:
 * Level 4.3 Fighting
 + Level 3.2 Axes
 * Level 4.5 Armour
 + Level 4.0 Shields


You had 4 spell levels left.
You didn't know any spells.
Your spell library contained the following spells:

 Spells                   Type           Power      Damage    Failure   Level
 Shock                    Conj/Air       0%         1d3       73%         1
 Airstrike                Air            0%         N/A       100%        4
 Swiftness                Air            Unusable   N/A       N/A         3

Dungeon Overview and Level Annotations

Branches:
Dungeon (3/15)

Altars:


Innate Abilities, Weirdness & Mutations

You cannot be hasted, slowed, berserked, paralysed or teleported.
You can dig through walls and to a lower floor.
You have a pair of large antennae on your head. (SInv)
Your four strong arms can wield two-handed weapons with a shield.


Message History

The gnoll hits you from afar with a +0 spear.
You hit the gnoll.
The gnoll is moderately wounded.
The gnoll hits you from afar with a +0 spear.
The gnoll hits you with a +0 flail!
A gnoll comes into view. It is wielding a +0 flail.
Unknown command.
Unknown command.
You barely miss the gnoll.
The gnoll is moderately wounded.
The gnoll shouts!
The gnoll barely misses you. You block the gnoll's attack. x2
The gnoll barely misses you.
Unknown command.
You swap places.
Your hobgoblin hits the gnoll.
The gnoll hits your hobgoblin with a +0 flail!
Your hobgoblin dies!
Your hobgoblin's corpse dissolves into shadows!
The gnoll shouts!
Things that are here:
a +0 whip; 14 gold pieces You swap places.
Your rat bites the gnoll.
You swap places.
The gnoll hits you with a +0 spear.
Things that are here:
a +0 whip; 14 gold pieces You slash the gnoll!
Lightning courses through the gnoll!
You kill the gnoll!
The gnoll barely misses you.
You hit the gnoll.
The gnoll is moderately wounded.
The gnoll hits you with a +0 flail.
Unknown command.
You closely miss the gnoll.
The gnoll is moderately wounded.
The gnoll hits you but does no damage. The gnoll hits you with a +0 flail.
* * * LOW HITPOINT WARNING * * *
You barely miss the gnoll.
The gnoll is moderately wounded.
The gnoll hits you with a +0 flail!
You die...

# ## ## #.##.
.### g..#...#
#.g.#.#
#g##.# #@##.#
##r##.# +
#...#.#
+.#...#.###
#.........#
#.........#
#.........#
.......#...#
...(........#


You could see 2 gnolls and a friendly rat (summoned).

Vanquished Creatures
  2 gnolls (D:3)
  7 adders (D:2)
  2 worms (D:2)
  2 dart slugs
  An orc (D:3)
  5 ball pythons
  6 bats
  5 endoplasms
  2 goblins (D:3)
  4 hobgoblins
  2 jackals (D:2)
  5 kobolds
  2 quokkas (D:1)
  4 frilled lizards
  5 rats
54 creatures vanquished.

Notes
Turn   | Place    | Note
-------+----------+-------------------------------------------
     0 | D:1      | ytrimaz the Formicid Fighter began the quest for the Orb.
     0 | D:1      | Reached XP level 1. HP: 18/18 MP: 1/1
   222 | D:1      | Reached XP level 2. HP: 24/24 MP: 2/2
   488 | D:1      | Found a faded altar of an unknown god.
   543 | D:1      | Identified a scroll of acquirement
   543 | D:1      | Acquired the +3 broad axe "Paisab" {elec, Dex+5 Stlth-}
   562 | D:1      | Reached XP level 3. HP: 29/30 MP: 3/3
  1008 | D:2      | Reached XP level 4. HP: 31/37 MP: 4/4
  1569 | D:2      | Reached XP level 5. HP: 39/42 MP: 5/5
  1983 | D:3      | Slain by a gnoll

Illustrated notes

Levels and vault maps discovered:
D:1:      kilobyte_arrival_exit_the_forest, layout_loops_ring,
          basic_ecumenical_altar, minmay_crystal_water, st_stairs_2
D:2:      layout_basic, item_on_display_a
D:3:      wander_river, layout_loops_ring, kennysheep_generic_room_12, uniq_ijyb

Skill      XL: |  1  2  3  4  5 |
---------------+----------------+-----
Armour         | 4 |  4.5
Shields        | 4 |  4.0
Fighting       | 4 |  4.3
Axes           | 3 |  3.2

Action                   |  1- 3 |  4- 6 || total
-------------------------+-------+-------++-------
Melee: War axe           |    33 |       ||    33
       Broad axe         |    16 |    61 ||    77
  Use: Scroll            |     3 |     6 ||     9
 Stab: Distracted        |       |     1 ||     1
Armor: Scale mail        |    25 |    24 ||    49
Dodge: Dodged            |    29 |    27 ||    56
Block: Buckler           |    16 |    18 ||    34

Table legend: (Time is in decaauts)
 A = Elapsed time spent in this place.
 B = Non-inter-level travel time spent in this place.
 C = Inter-level travel time spent in this place.
 D = Time resting spent in this place.
 E = Time spent auto-exploring this place.
 F = Levels seen in this place.
 G = Mean time per level.
                   A        B        C        D        E       F      G
               +--------+--------+--------+--------+--------+-----+--------+
         Total |   2039 |   1997 |     42 |      0 |   1605 |   3 |  679.7 |
       Dungeon |   2039 |   1997 |     42 |      0 |   1605 |   3 |  679.7 |
               +--------+--------+--------+--------+--------+-----+--------+

Top non-repeatable levels by time:
     D:2: 990 daAuts
     D:1: 945 daAuts
     D:3: 103 daAuts
